 Dungeon Crawl Stone Soup version 0.31.0-32-g396128a36d (webtiles) character file.

Game seed: 8616084849588840654

2307 Cheops the Ruffian (level 9, 0/61 HPs)
             Began as an Octopode Shapeshifter on Mar 26, 2024.
             Was an Initiate of Uskayaw.
             Slain by a steam dragon (1 damage)
             ... on level 6 of the Dungeon.
             The game lasted 00:22:29 (6700 turns).

Cheops the Ruffian (Octopode Shapeshifter)          Turns: 6700, Time: 00:22:29

Health: 0/61       AC:  1    Str: 27    XL:     9   Next: 41%
Magic:  18/18      EV: 19    Int: 18    God:    Uskayaw [......]
Gold:   254        SH:  0    Dex: 12    Spells: 8/8 levels left

rFire   . .          .
                       - Unarmed
rCold   . . .        (shield currently unavailable)
rNeg    . . .        (helmet restricted)
rPois   +            (no amulet)
rElec   .            o - ring of poison resistance
rCorr   .            u - ring "Ralepn" {MP+9 Str+4}
SInv    .            B - +6 ring of strength
Will    .....        C - +6 ring of intelligence
Stlth   +            (no ring)
HPRegen 0.30/turn    (no ring)
MPRegen 0.16/turn    (no ring)
                     (no ring)

%: no passive effects
@: flux-form, glowing
A: glow, contaminating, almost no armour, amphibious, 8 rings, camouflage 1,
gelatinous body 1, (nimble swimmer 1), tentacles
a: Begin Untransformation, Renounce Religion


You were on level 6 of the Dungeon.
You worshipped Uskayaw.
Uskayaw was noncommittal.
You were something dangerously unstable.
You visited 2 branches of the dungeon, and saw 10 of its levels.
You also visited: Sewer.

You collected 254 gold pieces.

Inventory:

Hand Weapons
 m - the +8 hand axe "Bingo" {freeze, Int+2}
   (You found it on level 3 of the Dungeon)

   Int+2:     It affects your intelligence (+2).
Jewellery
 o - a ring of poison resistance (left tentacle)
 u - the ring "Ralepn" (right tentacle) {MP+9 Str+4}
   (You found it on level 4 of the Dungeon)

   [ring of magical power]

   Str+4:     It affects your strength (+4).
   MP+9:      It affects your magic capacity (+9).
 B - a +6 ring of strength (on tentacle)
 C - a +6 ring of intelligence (on tentacle)
Talismans
 b - a beast talisman
 c - a flux talisman (active)
 h - a storm talisman
Wands
 j - a wand of polymorph (5)
Scrolls
 e - 4 scrolls of blinking
 g - 3 scrolls of noise
 i - a scroll of teleportation
 k - a scroll of fear
 l - 2 scrolls of amnesia
 t - a scroll of fog
 y - 2 scrolls of revelation {unknown}
 z - a scroll of torment {unknown}
 A - 3 scrolls of enchant weapon {unknown}
Potions
 a - a potion of lignification
 d - 2 potions of berserk rage {unknown}
 f - 2 potions of curing
 n - 3 potions of mutation {unknown}
 p - a potion of haste {unknown}
 q - a potion of resistance {unknown}
 r - a potion of brilliance {unknown}
 s - a potion of heal wounds {unknown}
 v - 2 potions of might {unknown}
 w - a potion of attraction
 x - a potion of cancellation


   Skills:
 - Level 5.0 Fighting
 - Level 6.0 Dodging
 + Level 7.5 Unarmed Combat
 - Level 7.0 Shapeshifting


You had 8 spell levels left.
You didn't know any spells.
Your spell library contained the following spells:

 Spells                   Type           Power      Damage    Failure   Level
 Sandblast                Erth           0%         2d4       22%         1
 Cigotuvi's Dreadful Rot  Necr/Alch/Air  0%         N/A       32%         2
 Ensorcelled Hibernation  Hex/Ice        0%         N/A       32%         2
 Scorch                   Fire           0%         2d5       32%         2
 Static Discharge         Conj/Air       0%         3-3/arc   32%         2
 Fugue of the Fallen      Necr           0%         N/A       54%         3
 Ozocubu's Armour         Ice            0%         N/A       54%         3
 Passwall                 Erth           0%         N/A       54%         3
 Stone Arrow              Conj/Erth      0%         3d7       54%         3
 Swiftness                Air            0%         N/A       54%         3
 Airstrike                Air            0%         2d(0-16)  91%         4
 Brom's Barrelling Bould  Conj/Erth      0%         2d3       91%         4
 Dispel Undead            Necr           0%         3d6       91%         4
 Flame Wave               Conj/Fire      0%         2d4       91%         4
 Manifold Assault         Tloc           0%         N/A       91%         4
 Martyr's Knell           Necr/Summ      0%         N/A       91%         4
 Summon Lightning Spire   Summ/Air       0%         N/A       91%         4
 Death Channel            Necr           0%         N/A       100%        6
 Summon Cactus Giant      Summ           0%         N/A       100%        6


Dungeon Overview and Level Annotations

Branches:
Dungeon (9/15)             Temple (1/1) D:7           Sewer (visited)
   Lair: D:8-11         Orc: D:9-12

Altars:
Cheibriados
Dithmenos
Elyvilon
Fedhas
Gozag
Hepliaklqana
Kikubaaqudgha
Makhleb
Nemelex Xobeh
Okawaru
Qazlal
Ru
Sif Muna
Trog
Uskayaw
Vehumet
Wu Jian
Xom
Yredelemnul
The Shining One

Shops:
D:3 *   D:4 :


Innate Abilities, Weirdness & Mutations

You are something dangerously unstable.
You glow with magical radiation, making you easy to see and hit.
Foes you strike become dangerously contaminated with magical radiation.
You are incapable of wielding weapons or throwing items.
You cannot wear most types of armour.
You are amphibious.
You can wear up to eight rings at the same time.
Your skin changes colour to match your surroundings (Stealth+).
Your rubbery body absorbs attacks. (AC +1, EV +1)
((You are camouflaged when in or above water. (Stealth+)))
You have tentacles for arms and can constrict up to eight enemies at once.


Message History

There is a stone staircase leading down here.
Done exploring.
You climb downwards.
The steam dragon closely misses you. The steam dragon claws you.
There is a stone staircase leading up here.
You closely miss the steam dragon. The steam dragon barely misses you.
The steam dragon claws you.
You barely miss the steam dragon. You closely miss the steam dragon.
The steam dragon misses you. The steam dragon completely misses you.
You barely miss the steam dragon. The steam dragon breathes steam at you.
The ball of steam hits you!!
* * * LOW HITPOINT WARNING * * *
Something shouts, "Go and return not, thou lumpish saucy tinkerer!"
You bludgeon the steam dragon!
The steam dragon begins to glow.
The steam dragon is moderately wounded.
The steam dragon bites you!
* * * LOW HITPOINT WARNING * * *
The steam dragon claws you.
* * * LOW HITPOINT WARNING * * *
Unknown command.
Unknown command.
Unknown command.
Unknown command.
Unknown command.
You tentacle-slap the steam dragon but do no damage.
The steam dragon glows dangerously bright.
Your squeeze misses the steam dragon.
The steam dragon is moderately wounded.
The steam dragon bites you!
* * * LOW HITPOINT WARNING * * *
The steam dragon closely misses you.
Unknown command.
Unknown command.
Unknown command.
You feel better. The steam dragon bites you!
* * * LOW HITPOINT WARNING * * *
The steam dragon claws you.
You die...

############ #<# #.#
######.# ## #......# ..
#.###### .# #.# .# ##.##
.# #...######.###
######......§§pD..#
##.##.......##...#.#
#...........##.###.#
##.##........#.###.####.#
#.####.....<.......D...#
#.# #(.....#.###.####..
###.## ####..##.# .#
...#.# #..##.###.# ###.##
#>........#


You could see a steam dragon (heavy contam, catching breath).

Vanquished Creatures
  Joseph (D:7)
  A shadow (D:9)
  A steam dragon (D:8)
  3 water moccasins
  A black bear (D:8)
  3 centaurs
  3 kobold brigands
  4 scorpions
  2 bullfrogs
  A bombardier beetle (D:4)
  A gnoll bouda (D:7)
  2 hounds
  A jelly (D:7)
  A sleepcap (D:4)
  4 iguanas
  An orc wizard (D:3)
  2 gnolls (D:7)
  6 adders
  4 river rats (Sewer)
  A shadow imp (D:7)
  A dart slug (D:2)
  A ribbon worm (D:4)
  6 orcs
  5 bats
  5 endoplasms
  6 giant cockroaches
  12 goblins
  6 hobgoblins
  6 jackals (D:1)
  5 quokkas
  8 ball pythons
  5 frilled lizards
  20 kobolds
  26 rats
155 creatures vanquished.

Notes
Turn   | Place    | Note
-------+----------+-------------------------------------------
     0 | D:1      | Cheops the Octopode Shapeshifter began the quest for the
                  | Orb.
     0 | D:1      | Reached XP level 1. HP: 13/13 MP: 1/1
    99 | D:1      | Reached XP level 2. HP: 13/18 MP: 2/2
   662 | D:1      | Reached XP level 3. HP: 23/23 MP: 3/3
  1705 | D:3      | Identified the +8 hand axe "Bingo" {freeze, Int+2}
  1727 | D:3      | Reached skill level 5 in Unarmed Combat
  1727 | D:3      | Reached XP level 4. HP: 15/28 MP: 4/4
  1886 | D:3      | Found Giciklock's General Store.
  1986 | D:3      | Reached XP level 5. HP: 30/33 MP: 5/5
  2446 | D:4      | Found an opulent altar of Gozag.
  2617 | D:4      | Found a glowing drain.
  2631 | Sewer    | Entered a sewer
  2678 | Sewer    | Noticed a kobold brigand
  2684 | Sewer    | Killed a kobold brigand
  2825 | Sewer    | Reached XP level 6. HP: 35/38 MP: 6/6
  2856 | Sewer    | Reached skill level 5 in Shapeshifting
  3616 | D:4      | Identified the ring "Ralepn" {MP+9 Str+4}
  3717 | D:4      | Found Iczirch's Book Shop.
  3834 | D:4      | Reached XP level 7. HP: 35/43 MP: 7/7
  4371 | D:5      | Entered Level 5 of the Dungeon
  4527 | D:5      | Identified the +1 mace of Eternal Vigilance {drain, rC+}
  4547 | D:5      | Identified the +2 robe of Clean Wonder {Int+3}
  4714 | D:5      | Found a white marble altar of Elyvilon.
  4832 | D:6      | Reached XP level 8. HP: 49/54 MP: 8/8
  4879 | D:6      | Noticed a vampire
  5142 | D:6      | You fall into a shaft and drop 3 floors!
  5168 | D:9      | Noticed a shadow
  5181 | D:9      | Killed a shadow
  5182 | D:9      | Reached skill level 5 in Fighting
  5666 | D:7      | Reached skill level 5 in Dodging
  5748 | D:7      | Found a staircase to the Ecumenical Temple.
  5775 | D:7      | Found a radiant altar of Vehumet.
  5941 | D:7      | Noticed Joseph
  5951 | D:7      | Killed Joseph
  5952 | D:7      | Reached XP level 9. HP: 55/61 MP: 9/9
  6634 | Temple   | Entered the Ecumenical Temple
  6648 | Temple   | Became a worshipper of Uskayaw the Reveller
  6700 | D:6      | HP: 1/61 [steam dragon (11)]
  6700 | D:6      | Slain by a steam dragon

Illustrated notes

Levels and vault maps discovered:
D:1:      dpeg_arrival_arbitrary_b, layout_loops_corners, palyth_stone_intersect
D:2:      layout_basic, minmay_pentomino_p2
D:3:      layout_loops_ring, serial_shops, nicolae_shop_tiny_glass
D:4:      layout_basic, mainiacjoe_overflow_catwalk,
          mainiacjoe_sewer_entry_somewhere_in_here_1, serial_shops,
          nicolae_book_shop_shelving, grunt_decor_arrowhead
D:5:      layout_rooms, lemuel_round_altar
D:6:      layout_loops_ring, gammafunk_ghost_split, minmay_manual_moon
D:7:      layout_loops_cross, nicolae_vehumet_radiance, temple_fountains,
          kennysheep_windowed_goal, uniq_joseph
D:8:      layout_loops_ring, lemuel_doored_altar
D:9:      layout_irregular_city, erik_orc_1
Temple:   nicolae_temple_bog_church

Skill      XL: |  1  2  3  4  5  6  7  8  9 |
---------------+----------------------------+-----
Unarmed Combat | 4 5 7 |  7.5
Shapeshifting  | 4 6 7 |  7.0
Fighting       | 3 5 |  5.0
Dodging        | 6 |  6.0

Action                     |  1- 3 |  4- 6 |  7- 9 || total
---------------------------+-------+-------+-------++-------
  Melee: Unarmed           |    67 |   144 |   114 ||   325
         Constrict         |    13 |    38 |    29 ||    80
         Punch             |     1 |     2 |       ||     3
         Tentacles         |    10 |    21 |    29 ||    60
Ability: Begin Untransform |     1 |       |       ||     1
    Use: Scroll            |       |     7 |     2 ||     9
         Potion            |       |       |     1 ||     1
   Stab: Sleeping          |    12 |     7 |       ||    19
 Armour: Skin              |    23 |    60 |    50 ||   133
  Dodge: Dodged            |    34 |    78 |   106 ||   218
   Form: Beast             |     1 |       |       ||     1
         Flux              |       |       |     1 ||     1
